 Dungeon Crawl Stone Soup version 0.18-a0-1203-gbde16db (webtiles) character file.

2870 Foomius the Destroyer (level 9, -8/75 HPs)
             Began as a Yellow Draconian Conjurer on Jan 31, 2016.
             Was an Initiate of Vehumet.
             Mangled by a tentacled starspawn (33 damage)
             ... on level 2 of the Abyss.
             The game lasted 00:46:48 (8489 turns).

Foomius the Destroyer (Yellow Draconian Conjurer)   Turns: 8489, Time: 00:46:48

Health: -8/75      AC:  9    Str: 11      XL:     9   Next: 47%
Magic:  22/22      EV: 14    Int: 19      God:    Vehumet [......]
Gold:   196        SH:  5    Dex:  9 (11) Spells: 4 memorised, 2 levels left

rFire  + . .     SeeInvis +     a - +3 dagger (venom)
rCold  + . .     Gourm    .     (armour unavailable)
rNeg   . . .     Faith    .     y - +1 buckler
rPois  +         Spirit   .     (helmet restricted)
rElec  +         Dismiss  .     v - +1 cloak
rCorr  +         Reflect  .     (no gloves)
SustAt .         Harm     .     (no boots)
MR     .....                    (no amulet)
Stlth  +.........               D - ring of see invisible
                                o - ring of magical power

@: about to teleport, short of breath, resistant, very slightly contaminated,
invisible, not resistant to hostile enchantments, very unstealthy
A: spit acid, acid resistance, unfitting armour, cold-blooded, AC +7
a: Spit Acid, Renounce Religion


You were on level 2 of the Abyss.
You worshipped Vehumet.
Vehumet was noncommittal.
You were not hungry.

You visited 2 branches of the dungeon, and saw 9 of its levels.
You visited the Abyss 1 time.

You collected 352 gold pieces.
You spent 156 gold pieces at shops.

Inventory:

Hand Weapons
 a - a +3 dagger of venom (weapon)
 b - a +1 hunting sling of velocity
 t - a +2 dagger of flaming
 u - a +3 quarterstaff of chaos
 R - a +0 mace
Missiles
 f - 280 stones (quivered)
 g - 51 sling bullets
 P - 18 silver sling bullets
Armour
 s - a +0 large shield
 v - a +1 cloak (worn)
 y - a +1 buckler (worn)
Jewellery
 o - a ring of magical power (left hand)
 D - a ring of see invisible (right hand)
 N - an uncursed ring of wizardry
Wands
 M - a wand of lightning (1/15)
 O - a wand of draining (12/15)
Scrolls
 c - 3 scrolls of random uselessness {unknown}
 h - 3 scrolls of noise
 i - 4 scrolls of enchant weapon
 j - 2 scrolls of enchant armour
 k - 5 scrolls of identify
 m - 5 scrolls of magic mapping
 q - a scroll of blinking {unknown}
 r - 2 scrolls of recharging {unknown}
 x - 4 scrolls of teleportation
 A - 3 scrolls of fear
 I - a scroll of remove curse
 J - a scroll of vulnerability {unknown}
 T - a scroll of amnesia {unknown}
Potions
 e - 2 potions of lignification
 l - a potion of agility {unknown}
 p - 4 potions of curing
 z - a potion of mutation {unknown}
 B - a potion of brilliance {unknown}
 C - a potion of resistance
 F - a potion of invisibility
 G - 2 potions of haste {unknown}
 H - 2 potions of flight
 L - a potion of berserk rage {unknown}
 Q - a potion of cancellation {unknown}
Books
 n - a book of Conjurations

   Spells                             Type                      Level
   a - Magic Dart                     Conjuration                  1
   b - Searing Ray                    Conjuration                  2
   c - Dazzling Spray                 Conjuration/Hexes            3
   d - Fulminant Prism                Conjuration/Hexes            4
   e - Iskenderun's Mystic Blast      Conjuration                  4
   f - Iskenderun's Battlesphere      Conjuration/Charms           5
Comestibles
 d - 5 beef jerkies
 w - 7 bread rations
 E - a meat ration
 K - a slice of pizza
 S - 2 fruits


   Skills:
 - Level 6.0 Fighting
 - Level 6.5 Dodging
 - Level 1.7 Stealth
 + Level 3.2 Shields
 - Level 3.1 Spellcasting
 - Level 8.3 Conjurations
 * Level 3.9 Charms


You had 2 spell levels left.
You knew the following spells:

 Your Spells              Type           Power        Failure   Level  Hunger
a - Magic Dart            Conj           ####         1%          1    None
b - Iskenderun's Mystic   Conj           ####....     6%          4    ####...
c - Iskenderun's Battles  Conj/Chrm      ####....     41%         5    ######.
r - Searing Ray           Conj           ####..       1%          2    ##.....


Dungeon Overview and Level Annotations

Branches:
Dungeon (8/15)             Temple (1/1) D:7
   Lair: D:8-11

Altars:
Dithmenos
Elyvilon
Kikubaaqudgha
Makhleb
Nemelex Xobeh
Okawaru
Pakellas
Qazlal
Ru
Sif Muna
Trog
Vehumet
Xom
Yredelemnul
Zin
The Shining One

Shops:
D:6 [}}?*

Annotations:
D:2 Sigmund
D:8 Erolcha


Innate Abilities, Weirdness & Mutations

You can spit globs of acid.
You are resistant to acid.
Your golden yellow scales are hard (AC +7).
Your body does not fit into most forms of armour.
You are cold-blooded and may be slowed by cold attacks.


Message History

Drink which item? (? for menu, Esc to quit)
It was a potion of curing.
You feel better. The ufetubus completely misses you.
The ufetubus hits you but does no damage.
The ufetubus barely misses you. You block the ufetubus's attack.
Drink which item? (? for menu, Esc to quit)
It was a potion of resistance.
You feel protected. The ufetubus hits you. You block the ufetubus's attack.
Drink which item? (? for menu, Esc to quit)
It was a potion of invisibility.
You fade into invisibility!
The ufetubus hits you but does no damage. x2
You block the tentacled starspawn's attack. x2
The ufetubus barely misses you. x2
You are very lightly contaminated with residual magic.
You catch the helpless ufetubus completely off-guard!
You puncture the ufetubus!
You kill the ufetubus!
The tentacled starspawn bites you!!
You die...

. . $. . ..8
#....5......
# ....#....ยง
#### ...... .
. #
>......>.....
## ..# .. ##
## .......##
..#
##...##### ##
##5wX@### .
#####5.553#
.. #####555 #
#.


You could see a tentacled starspawn, a ynoxinul, a starspawn tentacle (unaware),
a quasit and 6 ufetubi.

Vanquished Creatures
  A spriggan (D:7)
  Eustachio (D:4)
  A hungry ghost (D:7)
  2 orc warriors
  A phantom (D:6)
  4 ogres
  2 centaurs
  2 giant frogs
  Blork the orc (D:4)
  A scorpion (D:6)
  A crimson imp (D:4)
  4 centaur zombies
  5 giant frog zombies (D:5)
  A quasit (D:7)
  5 hounds
  2 centaur skeletons (D:5)
  2 orc priests (D:5)
  Crazy Yiuf (D:2)
  A jelly (D:5)
  A giant frog skeleton (D:5)
  7 worker ants
  Natasha (thrice) (D:4)
  6 orc wizards
  2 killer bee zombies (D:5)
  A sheep (D:5)
  2 hound zombies
  A hound skeleton (D:5)
  2 worker ant zombies (D:5)
  Robin (D:4)
  7 adders
  A shadow imp (D:6)
  An ooze (D:2)
  An adder skeleton (D:5)
  4 giant geckos
  15 orcs
  A ball python (D:3)
  7 giant cockroaches
  16 goblins
  11 hobgoblins
  13 jackals
  10 kobolds
  A quokka (D:3)
  5 bats
  A giant cockroach zombie (D:5)
  A giant gecko skeleton (D:4)
  5 giant newts
  2 jackal zombies (D:5)
  A quokka skeleton (D:6)
  5 quokka zombies
  9 rats
  A fungus (D:2)
182 creatures vanquished.

Vanquished Creatures (others)
  4 sheep (D:5)
  2 starspawn tentacles (Abyss:2)
  72 starspawn tentacle segments (Abyss:2)
78 creatures vanquished.

Grand Total: 260 creatures vanquished

Notes
Turn   | Place    | Note
--------------------------------------------------------------
     0 | D:1      | Foomius the Draconian Conjurer began the quest for the Orb.
     0 | D:1      | Reached XP level 1. HP: 14/14 MP: 3/3
   518 | D:1      | Reached XP level 2. HP: 20/20 MP: 0/5
   567 | D:1      | Learned a level 2 spell: Searing Ray
  1327 | D:1      | Reached skill level 5 in Conjurations
  1406 | D:1      | Reached XP level 3. HP: 26/26 MP: 2/6
  1817 | D:2      | Found a burning altar of Makhleb.
  1819 | D:2      | Found a glowing silver altar of Zin.
  1819 | D:2      | Noticed an angel
  1820 | D:2      | Noticed a blizzard demon
  2058 | D:2      | Noticed Crazy Yiuf
  2062 | D:2      | Killed Crazy Yiuf
  2062 | D:2      | Reached XP level 4. HP: 33/33 MP: 2/7
  2241 | D:2      | Noticed Sigmund
  2859 | D:3      | Reached skill level 6 in Conjurations
  3004 | D:3      | Reached skill level 1 in Fighting
  3098 | D:3      | Reached XP level 5. HP: 41/41 MP: 8/8
  3318 | D:4      | Noticed Robin
  3340 | D:4      | Killed Robin
  3495 | D:4      | Noticed Blork the orc
  3510 | D:4      | Noticed Natasha
  3522 | D:4      | Killed Natasha
  3588 | D:4      | Noticed Natasha
  3594 | D:4      | Killed Natasha
  3677 | D:4      | Noticed Eustachio
  3698 | D:4      | Killed Eustachio
  3698 | D:4      | Reached skill level 5 in Fighting
  3698 | D:4      | Reached XP level 6. HP: 30/56 MP: 5/9
  4192 | D:4      | Noticed Natasha
  4199 | D:4      | Killed Natasha
  4229 | D:4      | Killed Blork the orc
  4340 | D:5      | Entered Level 5 of the Dungeon
  4374 | D:5      | Reached XP level 7. HP: 57/63 MP: 5/10
  4374 | D:5      | Your scales start taking on a golden yellow colour.
  4831 | D:5      | Reached skill level 5 in Dodging
  4932 | D:5      | Reached XP level 8. HP: 65/70 MP: 2/11
  5284 | D:5      | Found an iron altar of Okawaru.
  5398 | D:5      | Found a shimmering altar of Xom.
  6136 | D:6      | Reached skill level 7 in Conjurations
  6146 | D:6      | Learned a level 4 spell: Iskenderun's Mystic Blast
  6265 | D:6      | Found Efe Ozea's Magic Scroll Emporium.
  6281 | D:6      | Bought a scroll of teleportation for 39 gold pieces
  6281 | D:6      | Bought a scroll of magic mapping for 45 gold pieces
  6281 | D:6      | Bought a scroll of remove curse for 39 gold pieces
  6292 | D:6      | Found Wentysk's General Store.
  6305 | D:6      | Bought a potion of flight for 33 gold pieces
  6346 | D:6      | Reached skill level 1 in Shields
  6652 | D:6      | Found Fastraeso's Antique Armour Shop.
  6920 | D:6      | Reached skill level 8 in Conjurations
  6920 | D:6      | Reached XP level 9. HP: 75/75 MP: 12/13
  6959 | D:6      | Found Leheitod's Gadget Shop.
  7064 | D:6      | Learned a level 5 spell: Iskenderun's Battlesphere
  7134 | D:6      | Found Guusm's Gadget Emporium.
  7173 | D:7      | Reached skill level 1 in Charms
  7266 | D:7      | Found a basalt altar of Yredelemnul.
  8025 | D:7      | Found a staircase to the Ecumenical Temple.
  8034 | Temple   | Entered the Ecumenical Temple
  8142 | Temple   | Became a worshipper of Vehumet
  8314 | D:8      | Found a white marble altar of Elyvilon.
  8315 | D:8      | Found a glowing golden altar of the Shining One.
  8376 | D:8      | Noticed Erolcha
  8384 | D:8      | Cast into level 2 of the Abyss (Erolcha)
  8384 | Abyss:2  | Found a corrupted altar of Lugonu.
  8429 | Abyss:2  | Found a corrupted altar of Lugonu.
  8458 | Abyss:2  | Noticed a tentacled starspawn
  8489 | Abyss:2  | Mangled by a tentacled starspawn

Vault maps used:
D:1:      dpeg_arrival_erosion
D:2:      grunt_temple_overflow_order_and_chaos_2, uniq_sigmund,
          uniq_crazy_yiuf_cottage
D:4:      first_bread, kennysheep_generic_room_13, uniq_eustachio, uniq_robin,
          uniq_natasha, uniq_blork_the_orc
D:5:      kb_xom_exploding_sheep, serial_undead, serial_undead_f,
          serial_undead_f, serial_undead_b, serial_undead_e, serial_undead_a,
          serial_undead_d, kennysheep_cross_bottleneck, okawaru_metal_pillars_3
D:6:      serial_shops, shop, nicolae_shop_stone, nicolae_shop_waterfront,
          nicolae_shop_window_shopping, nicolae_shop_trees
D:7:      lemuel_round_altar, minmay_temple_entry_nine_rooms, the_bakery
D:8:      cheibrodos_ashenzari_chains, gammafunk_temple_overflow_statue,
          gup_ossuary_entry_pyramid, uniq_erolcha, uniq_psyche
Temple:   dpeg_five_rooms_temple_12
Abyss:2:  patterned_corridor, evilmike_abyss_exit_6

Action                   |  1- 3 |  4- 6 |  7- 9 || total
-------------------------+-------+-------+-------++-------
Melee: Dagger            |    65 |    53 |   141 ||   259
 Fire: Hunting sling     |    12 |    58 |    70 ||   140
Throw: Stone             |    17 |       |     5 ||    22
 Cast: Magic Dart        |    55 |    55 |   209 ||   319
       Searing Ray       |     3 |     2 |    15 ||    20
       Iskenderun's Myst |       |       |     5 ||     5
 Abil: Spit Acid         |       |       |     5 ||     5
  Use: Scroll            |       |       |     6 ||     6
       Potion            |       |       |     4 ||     4
 Stab: Invisible         |       |       |     1 ||     1
  Eat: Chunk             |     4 |     5 |    12 ||    21
       Bread ration      |       |     1 |       ||     1
       Pizza             |       |       |     1 ||     1
       Beef jerky        |       |       |     1 ||     1
       Fruit             |       |       |     1 ||     1
